 Dungeon Crawl Stone Soup version 0.17-a0-1711-gc5340a3 (webtiles) character file.

30 urechis the Changer (level 3, 31/31 HPs)
             Began as a Naga Transmuter on Aug 22, 2015.
             Quit the game on level 1 of the Dungeon.
             The game lasted 00:04:22 (2055 turns).

urechis the Changer (Naga Transmuter)               Turns: 2055, Time: 00:04:23

Health: 31/31      AC:  2    Str: 12    XL:     3   Next: 20%
Magic:  6/6        EV: 10    Int: 11    God:
Gold:   36         SH:  0    Dex: 11    Spells: 2 memorised, 3 levels left

rFire  . . .     SeeInvis +       - Unarmed
rCold  . . .     Clarity  .     j - +0 robe (curse)
rNeg   . . .     SustAt   .     (no shield)
rPois  +         Gourm    .     (no helmet)
rElec  .         Spirit   .     (no cloak)
rCorr  .         Warding  .     (no gloves)
rMut   .         Stasis   .     (no barding)
MR     .....                    (no amulet)
Stlth  +.........               (no ring)
                                h - -3 ring of intelligence (curse)

@: very slow, not resistant to hostile enchantments, very unstealthy
A: see invisible, deformed body, poison resistance, slowness 2, slow metabolism
1, spit poison 2, AC +1
a: Spit Poison


You were on level 1 of the Dungeon.
You were not hungry.

You visited 1 branch of the dungeon, and saw 2 of its levels.

You collected 36 gold pieces.

Inventory:

Missiles
 a - 11 arrows
Armour
 j - a cursed +0 robe (worn)
Jewellery
 h - a cursed -3 ring of intelligence (left hand)
Scrolls
 f - a scroll of fear {unknown}
 i - a scroll of recharging {unknown}
Potions
 e - a potion of curing {unknown}
 g - a potion of degeneration {unknown}
Books
 c - a book of Changes

   Spells                             Type                      Level
   a - Beastly Appendage              Transmutation                1
   b - Sticks to Snakes               Transmutation                2
   c - Spider Form                    Transmutation/Poison         3
   d - Ice Form                       Ice/Transmutation            4
   e - Blade Hands                    Transmutation                5


   Skills:
 - Level 1.0 Fighting
 - Level 1.5 Dodging
 - Level 3.0 Unarmed Combat
 - Level 2.0 Spellcasting
 + Level 3.5 Transmutations


You had 3 spell levels left.
You knew the following spells:

 Your Spells              Type           Power        Failure   Level  Hunger
a - Beastly Appendage     Trmt           #.....       10%         1    ##.....
b - Sticks to Snakes      Trmt           #.........   12%         2    ###....


Dungeon Overview and Level Annotations

Branches:
Dungeon (2/15)

Altars:


Innate Abilities, Weirdness & Mutations

You cannot wear boots.
Your serpentine skin is tough (AC +1).
You have supernaturally acute eyesight.
Armour fits poorly on your strangely shaped body.
Your system is resistant to poisons.
You cover ground very slowly.
You have a slow metabolism.
You can spit poison.


Message History

No target in view!
No target in view!
No target in view!
No target in view!
Wear which item? (? for menu, Esc to quit)
You start removing your armour.
You continue taking off your +0 robe.
You continue taking off your +0 robe. x3
You finish taking off your +0 robe.
You start putting on your armour.
You continue putting on your embroidered robe. x5
You finish putting on your cursed +0 robe.
Oops, that feels deathly cold.
Drop what? 9/52 slots (_ for help) (? for menu, Esc to quit)
You drop a +0 robe.
Put on which piece of jewellery? (? for menu, Esc to quit)
You feel stupid.
Oops, that ring feels deathly cold.
h - a cursed -3 ring of intelligence (left hand) Unknown command.
Are you sure you want to abandon this character and quit the game? (Confirm with "yes".)

..###...#'#######.#.##.##........
....+..........##...........##..#
..###..........##.#.##.##.#.##..#
#.# #..(.......##.#.##.##.#.##..#
#.# #............................
#.# #.....##############...######
..# #.....## ##..#### #...#####
########..##..#......#######.....
##........#..?†@#..##..≈.....≈..
#.........#.####....≈.≈≈≈≈.....#
#..#####..####...≈≈.≈≈.≈≈≈≈.≈.##
##..#####..##..#...≈≈≈≈≈.≈≈≈≈≈...
...........#.##..≈≈≈≈≈≈≈≈.≈≈≈≈≈≈#
##..###....###.##..≈≈≈..<.≈≈≈≈≈..
##..# #....##.##.≈≈≈≈≈≈...≈≈≈≈≈..
.#..# #.......#..≈≈≈.≈≈≈.≈≈≈≈≈.≈.
÷#..###......##.≈...≈≈≈≈≈.≈...≈≈≈


There were no monsters in sight!

Vanquished Creatures
  A worm (D:1)
  5 bats (D:1)
  A giant cockroach (D:1)
  5 hobgoblins
  3 kobolds (D:1)
  4 goblins (D:1)
  A jackal (D:1)
  6 rats (D:1)
26 creatures vanquished.

Vanquished Creatures (collateral kills)
  A hobgoblin (D:1)
1 creature vanquished.

Grand Total: 27 creatures vanquished

Notes
Turn   | Place    | Note
--------------------------------------------------------------
     0 | D:1      | urechis the Naga Transmuter began the quest for the Orb.
     0 | D:1      | Reached XP level 1. HP: 18/18 MP: 3/3
   302 | D:1      | Reached XP level 2. HP: 12/25 MP: 5/5
  1195 | D:1      | Learned a level 2 spell: Sticks to Snakes
  1230 | D:1      | Reached XP level 3. HP: 8/31 MP: 6/6
  2055 | D:1      | Quit the game

Vault maps used:
D:1:      dpeg_arrival_subterranean_lakeside_camping, minivault_25

Action                   || total
-------------------------++-------
Melee: Unarmed           ||   104
 Cast: Beastly Appendage ||     2
       Sticks to Snakes  ||     1
 Abil: Spit Poison       ||    17
  Eat: Bread ration      ||     1
